 Dungeon Crawl Stone Soup version 0.26-a0-466-g989023bd0d (webtiles) character file.

Game seed: 6530477030540578502

816 sanka the Covert (level 7, -9/32 HPs)
             Began as a Spriggan Enchanter on Aug 14, 2020.
             Was an Initiate of Nemelex Xobeh.
             Killed by divine providence
             ... invoked by an orc priest
              (10 damage)
             ... on level 6 of the Dungeon.
             The game lasted 00:13:02 (7120 turns).

sanka the Covert (Spriggan Enchanter)               Turns: 7120, Time: 00:13:03

Health: -9/32      AC:  2    Str:  4    XL:     7   Next: 62%
Magic:  7/12       EV: 17    Int: 17    God:    Nemelex Xobeh [......]
Gold:   268        SH:  0    Dex: 18    Spells: 3/12 levels left

rFire    x . .     SeeInvis +   a - +1 dagger (drain)
rCold    + . .     Faith    .   (shield restricted)
rNeg     . . .     Spirit   .   b - +0 robe
rPois    .         Reflect  .   (helmet restricted)
rElec    .         Harm     .   (no cloak)
rCorr    .                      (gloves unavailable)
MR       +....                  (boots unavailable)
Stlth    ++++......             (no amulet)
HPRegen  0.10/turn              (no ring)
MPRegen  0.13/turn              h - ring of ice

@: lethally poisoned (-9 -> -15), drained, very quick
A: very small, unfitting armour, see invisible, speed 3
a: Draw Escape, Draw Destruction, Draw Summoning, Renounce Religion


You were on level 6 of the Dungeon.
You worshipped Nemelex Xobeh.
Nemelex Xobeh was noncommittal.
You visited 1 branch of the dungeon, and saw 6 of its levels.

You collected 268 gold pieces.


Innate Abilities, Weirdness & Mutations

You are very small and have problems with some larger weapons.
You are too small for most types of armour.
You have supernaturally acute eyesight. (SInv)
You cover ground extremely quickly.


   Skills:
 - Level 5.0(4.0) Short Blades
 - Level 3.0(2.1) Dodging
 - Level 8.0(6.9) Stealth
 - Level 3.0(2.1) Spellcasting
 + Level 7.9(6.9) Hexes


You had 3 spell levels left.
You knew the following spells:

 Your Spells              Type           Power        Failure   Level
x - Tukima's Dance        Hex            ####....     3%          3
z - Ensorcelled Hibernat  Hex/Ice        ###...       7%          2
X - Confusing Touch       Hex            ####....     3%          3
Z - Corona                Hex            ####...      1%          1

Your spell library contained the following spells:

 Spells                   Type           Power        Failure   Level
 Slow                     Hex            ####....     1%          2
 Dazzling Flash           Conj/Hex       ##....       14%         3
 Magic Dart               Conj           #...         19%         1
 Blink                    Tloc           N/A          28%         2
 Call Imp                 Summ           #.......     28%         2
 Conjure Flame            Conj/Fire      #.......     50%         3
 Mephitic Cloud           Conj/Pois/Air  #.......     50%         3

Inventory:

Hand Weapons
 a - a +1 dagger of draining (weapon)
 s - a +0 short sword of protection
 t - a +0 hunting sling of freezing
 u - a +3 scimitar
Missiles
 c - 15 boomerangs (quivered)
 k - 73 sling bullets
 l - 176 stones
 p - 15 poisoned darts
Armour
 b - a +0 robe (worn)
Jewellery
 h - a ring of ice (right hand)
Scrolls
 e - 2 scrolls of enchant weapon
 g - 2 scrolls of enchant armour
 j - a scroll of immolation {unknown}
 m - 3 scrolls of fog
 o - 3 scrolls of amnesia
 r - 2 scrolls of teleportation {@r4}
 v - a scroll of vulnerability {unknown}
 w - 2 scrolls of magic mapping {unknown}
Potions
 d - 2 potions of curing {unknown}
 f - a potion of invisibility {unknown}
 i - 2 potions of lignification {unknown}
 n - 3 potions of resistance {unknown}
 q - a potion of heal wounds {unknown}

Dungeon Overview and Level Annotations

Branches:
Dungeon (6/15)
 Temple: D:4-7

Altars:
Cheibriados
Elyvilon
Nemelex Xobeh
Sif Muna
Yredelemnul
Zin
The Shining One

Shops:
D:4 ( D:5

= ..▒ ▒.▒.▒
▒.▒▒▒)..▒ ▒
▒..o.o.▒ ..
▒▒..▒.▒▒....
▒.. ▒...▒▒▒▒..
. ▒....▒▒.▒ ..
▒▒..▒▒▒.▒.▒
▒▒........▒▒...
▒......i......▒
▒..▒▒▒..[.....▒
▒ ▒▒.....▒▒..
▒▒▒▒.▒▒ . ▒▒


You could see an orc priest (drained).


Message History

You kill the orc!
Aiming: Ensorcelled Hibernation (safe; 7% risk of failure)
Aim: an orc wizard, wielding a +1 dagger of venom and wearing a +0 robe (chance to defeat MR: 50%)
The orc wizard resists with some effort.
The orc closely misses you.
Aiming: Ensorcelled Hibernation (safe; 7% risk of failure)
Aim: an orc wizard, wielding a +1 dagger of venom and wearing a +0 robe (chance to defeat MR: 50%)
The orc wizard resists with some effort.
The orc priest invokes the aid of Beogh against you.
Beogh smites you!
Ouch! That really hurt!
* * * LOW HITPOINT WARNING * * *
The orc wizard hits you with a +1 dagger of venom.
* * * LOW HITPOINT WARNING * * *
You are poisoned.
* * * LOW HITPOINT WARNING * * *
You feel sick.
The orc wizard gestures at you while chanting.
The magic dart hits you.
* * * LOW HITPOINT WARNING * * *
* * * LOW HITPOINT WARNING * * *
You feel sick.
The orc priest begins to cast a cantrip, but forgets the words!
* * * LOW HITPOINT WARNING * * *
You feel sick.
There is a stone staircase leading up here.
The orc priest invokes the aid of Beogh against you.
Beogh smites you!
You die...
Your body disappears without a glow.

Action                   |  1- 3 |  4- 6 |  7- 9 || total
-------------------------+-------+-------+-------++-------
Melee: Dagger            |   106 |   121 |    62 ||   289
 Cast: Corona            |     6 |       |       ||     6
       Ensorcelled Hiber |     7 |    19 |    11 ||    37
       Tukima's Dance    |       |       |     8 ||     8
       Confusing Touch   |       |       |     6 ||     6
  Use: Scroll            |       |     5 |     3 ||     8
 Stab: Sleeping          |    17 |    26 |     6 ||    49
       Distracted        |     1 |     1 |     1 ||     3
       Confused          |       |       |     5 ||     5
Armor: Robe              |    11 |     9 |     3 ||    23
Dodge: Dodged            |    85 |    72 |    30 ||   187

Levels and vault maps discovered:
D:1:      lemuel_arrival_tunnels, layout_basic
D:2:      layout_basic
D:3:      layout_basic, nicolae_tso_carved_into_rock, uniq_sigmund
D:4:      layout_loops_corners, kennysheep_ying_yang, marbit_many_paths,
          overflow_temple_1_default, minmay_shop_grid_forest
D:5:      layout_loops_ring, old_standard_altar, grunt_temple_overflow_open,
          serial_shops, nicolae_shop_crystal
D:6:      layout_layer_cave

Notes
Turn   | Place    | Note
-------+----------+-------------------------------------------
     0 | D:1      | sanka the Spriggan Enchanter began the quest for the Orb.
     0 | D:1      | Reached XP level 1. HP: 9/9 MP: 5/5
   508 | D:1      | Reached XP level 2. HP: 9/13 MP: 4/6
   708 | D:1      | Reached skill level 5 in Stealth
  1064 | D:1      | Reached skill level 2 in Short Blades
  1068 | D:1      | Learned a level 2 spell: Ensorcelled Hibernation
  1338 | D:2      | Reached XP level 3. HP: 13/16 MP: 0/8
  1755 | D:2      | Reached skill level 6 in Stealth
  1786 | D:2      | Learned a level 3 spell: Confusing Touch
  1832 | D:2      | Reached skill level 3 in Short Blades
  2053 | D:2      | Reached XP level 4. HP: 21/21 MP: 9/9
  3131 | D:3      | Found a glowing golden altar of the Shining One.
  3236 | D:3      | Reached skill level 7 in Stealth
  3241 | D:3      | Reached XP level 5. HP: 18/24 MP: 10/10
  4102 | D:3      | Noticed Sigmund
  4106 | D:3      | Killed Sigmund
  4106 | D:3      | Reached skill level 5 in Short Blades
  4106 | D:3      | Reached skill level 8 in Stealth
  4106 | D:3      | Reached XP level 6. HP: 28/28 MP: 11/11
  4113 | D:3      | Learned a level 3 spell: Tukima's Dance
  4245 | D:4      | Found Ocawkel's Weapon Shoppe.
  4431 | D:4      | Reached skill level 3 in Spellcasting
  4527 | D:4      | Reached skill level 4 in Hexes
  4557 | D:4      | Reached skill level 5 in Hexes
  4592 | D:4      | Found a sparkling altar of Nemelex Xobeh.
  4910 | D:4      | Found a white marble altar of Elyvilon.
  4952 | D:4      | Reached XP level 7. HP: 32/32 MP: 12/12
  5074 | D:4      | Found a glowing golden altar of the Shining One.
  5248 | D:4      | Reached skill level 6 in Hexes
  5576 | D:4      | Found a basalt altar of Yredelemnul.
  5616 | D:5      | Entered Level 5 of the Dungeon
  5628 | D:5      | Found a snail-covered altar of Cheibriados.
  5632 | D:5      | Found a shimmering blue altar of Sif Muna.
  5679 | D:4      | Became a worshipper of Nemelex Xobeh the Trickster
  5723 | D:4      | HP: 1/32 [wight (8)]
  6044 | D:4      | Reached skill level 7 in Hexes
  6303 | D:5      | Found a glowing silver altar of Zin.
  6371 | D:5      | Received a gift from Nemelex Xobeh
  7072 | D:5      | Found Xaqotrei's Jewellery Shoppe.
  7107 | D:6      | Found the +0 pair of fencer's gloves {Riposte Dex+3}
  7115 | D:6      | HP: 3/32 [orc wizard/magic dart (6)]
  7119 | D:6      | HP: 1/32 [poisoned by an orc wizard]
  7120 | D:6      | Killed from afar by an orc priest

Vanquished Creatures
  Sigmund (D:3)
  2 ogres (D:4)
  5 wights
  A hound (D:4)
  An orc priest (D:5)
  An orc wizard (D:5)
  An iguana (D:4)
  A hound skeleton (D:5)
  A worker ant zombie (D:6)
  5 adders
  2 oozes
  4 worms
  7 leopard geckos
  8 orcs
  2 giant cockroaches
  4 goblins
  8 hobgoblins
  12 jackals
  4 quokkas
  2 bats
  3 frilled lizards
  16 kobolds
  A quokka skeleton (D:4)
  7 rats
99 creatures vanquished.

Vanquished Creatures (others)
  2 dancing weapons
2 creatures vanquished.

Grand Total: 101 creatures vanquished
